 Dungeon Sprint DCSS version 0.18-b1-14-g029dad2 (webtiles) character file.

370 Groucho the Jinx (level 6, -1/33 HPs)
             Began as a Spriggan Enchanter on Apr 30, 2016.
             Slain by an ufetubus (3 damage)
             ... summoned by a neqoxec
             ... in the Dungeon (Sprint II: "The Violet Keep of Menkaure").
             The game lasted 00:00:57 (49 turns).

Groucho the Jinx (Spriggan Enchanter)                 Turns: 49, Time: 00:00:58

Health: -1/33      AC:  3    Str:  5      XL:     6   Next: 42%
Magic:  12/18      EV: 22    Int: 16 (17) God:
Gold:   0          SH:  0    Dex: 16 (17) Spells: 1 memorised, 21 levels left

rFire  . . .     SeeInvis +     a - +1 dagger
rCold  . . .     Gourm    .     b - +1 robe
rNeg   . . .     Faith    .     (shield restricted)
rPois  .         Spirit   .     (helmet restricted)
rElec  .         Dismiss  .     (no cloak)
rCorr  .         Reflect  .     (gloves unavailable)
SustAt .         Harm     .     (boots unavailable)
MR     +....     NoTele   +     (no amulet)
Stlth  +++++.....               (no ring)
                                (no ring)

@: exhausted, hasted and slowed, very quick, somewhat resistant to hostile
enchantments, quite stealthy
A: unfitting armour, horns 1, see invisible, deterioration 1, herbivore 3, speed
3, slow metabolism 2, MP-powered wands
a: no special abilities


You were in the Dungeon.
You were not hungry.

You visited 1 branch

Inventory:

Hand Weapons
 a - a +1 dagger (weapon)
Armour
 b - a +1 robe (worn)
Scrolls
 j - a scroll of blinking
Potions
 h - 2 potions of magic
Books
 c - a book of Maledictions

   Spells                             Type                      Level
   a - Corona                         Hexes                        1
   b - Ensorcelled Hibernation        Hexes/Ice                    2
   c - Confuse                        Hexes                        3
   d - Tukima's Dance                 Hexes                        3
   e - Dazzling Spray                 Conjuration/Hexes            3
Comestibles
 d - a bread ration


   Skills:
 + Level 3.7 Fighting
 + Level 5.3 Short Blades
 + Level 7.5 Dodging
 + Level 8.8 Stealth
 * Level 8.8 Spellcasting
 * Level 9.1 Hexes


You had 21 spell levels left.
You knew the following spells:

 Your Spells              Type           Power        Failure   Level  Hunger
a - Corona                Hex            #####..      1%          1    None


Dungeon Overview and Level Annotations

Branches:
Dungeon (1/1)

Altars:


Innate Abilities, Weirdness & Mutations

You are tiny and cannot use many weapons and most armour.
You have supernaturally acute eyesight.
You are a herbivore.
You cover ground extremely quickly.
You need consume almost no food.
You have a pair of small horns on your head.
Your body sometimes deteriorates upon taking damage.
You expend magic power (3 MP) to strengthen your wands.


Message History

Strange energies course through your body.
You feel your magical essence link to your wands.
You hit the neqoxec but do no damage.
The neqoxec is lightly wounded.
The ufetubus closely misses you. The ufetubus misses you.
The ufetubus completely misses you. x2; The shadow imp hits you.
The neqoxec hits you.
You hit the neqoxec but do no damage. Your headbutt misses the neqoxec.
The neqoxec is lightly wounded.
The ufetubus hits you. x2; The shadow imp closely misses you.
The neqoxec hits you!
* * * LOW HITPOINT WARNING * * *
Your body deteriorates!
You feel dopey. The ufetubus closely misses you. The ufetubus hits you.
* * * LOW HITPOINT WARNING * * *
Drink which item? (? for menu, Esc to quit)
You feel yourself speed up. The ufetubus hits you.
* * * LOW HITPOINT WARNING * * *
The ufetubus hits you.
You die...

#+#
###5##
##3@<.+
#5##5##
#.###+#
##


You could see a neqoxec, a shadow imp and 2 ufetubi.

Vanquished Creatures
  3 neqoxecs (D)
3 creatures vanquished.

Notes
Turn   | Place    | Note
--------------------------------------------------------------
     0 | D        | Groucho the Spriggan Enchanter began the quest for the Orb.
     0 | D        | Reached XP level 1. HP: 9/9 MP: 5/5
     1 | D        | Noticed a neqoxec
     5 | D        | Noticed a crimson imp
    15 | D        | Killed a neqoxec
    15 | D        | Reached skill level 5 in Dodging
    15 | D        | Reached skill level 6 in Hexes
    15 | D        | Reached XP level 2. HP: 16/16 MP: 6/10
    15 | D        | Reached XP level 3. HP: 19/19 MP: 6/11
    15 | D        | Reached XP level 4. HP: 23/23 MP: 7/13
    16 | D        | Noticed a neqoxec
    20 | D        | Killed a neqoxec
    20 | D        | Reached skill level 8 in Hexes
    20 | D        | Reached XP level 5. HP: 28/28 MP: 8/16
    21 | D        | Noticed a neqoxec
    29 | D        | Killed a neqoxec
    29 | D        | Reached skill level 5 in Short Blades
    29 | D        | Reached skill level 9 in Hexes
    29 | D        | Reached XP level 6. HP: 27/33 MP: 9/18
    32 | D        | Noticed a neqoxec
    42 | D        | Gained mutation: You have a pair of small horns on your head. [a neqoxec]
    45 | D        | Gained mutation: Your body sometimes deteriorates upon taking damage. [a neqoxec]
    46 | D        | Gained mutation: You expend magic power (3 MP) to strengthen your wands. [a neqoxec]
    49 | D        | Slain by an ufetubus

Skill      XL: |  1  2  3  4  5 |
---------------+----------------+-----
Fighting       | 2 3 |  3.7
Short Blades   | 3 4 5 |  5.3
Dodging        | 5 6 7 |  7.5
Stealth        | 6 8 |  8.8
Spellcasting   | 6 7 8 |  8.8
Hexes          | 6 8 9 |  9.1

Action                   |  1- 3 |  4- 6 || total
-------------------------+-------+-------++-------
Melee: Dagger            |    10 |    27 ||    37
  Use: Potion            |     2 |     2 ||     4
 Stab: Sleeping          |     1 |       ||     1
Dodge: Dodged            |    10 |    17 ||    27
